 Dungeon Crawl Stone Soup version 0.14.2 (webtiles) character file.

135 Amnesiac the Sneak (level 4, -1/27 HPs)
             Began as a Halfling Enchanter on Oct 10, 2017.
             Killed by nerve-wracking pain
             ... invoked by Menkaure
              (7 damage)
             ... on Level 3 of the Dungeon.
             The game lasted 00:03:16 (570 turns).

Amnesiac the Sneak (Halfling Enchanter)              Turns: 570, Time: 00:03:16

HP  -1/27        AC  3     Str  5      XL: 4   Next: 81%
MP   6/6         EV 15     Int 16      God:
Gold 47          SH  0     Dex 16      Spells:  2 memorised,  3 levels left

rFire  . . .     SeeInvis .     a - +1 dagger
rCold  . . .     Clarity  .     b - +1 robe
rNeg   . . .     Conserve .     (no shield)
rPois  .         rCorr    .     (no helmet)
rElec  .         rRot     .     (no cloak)
SustAb . .       Spirit   .     (no gloves)
rMut   .         Warding  .     (no boots)
Saprov . . .     Stasis   .     (no amulet)
MR     .....                    (no ring)
                                (no ring)

@: not resistant to hostile enchantments, quite stealthy
A: mutation resistance 1, slow metabolism 1
a: no special abilities


You were on level 3 of the Dungeon.
You were not hungry.

You visited 1 branch of the dungeon, and saw 4 of its levels.

You collected 47 gold pieces.

Inventory:

Hand weapons
 a - a +1,+1 dagger (weapon)
 m - a +2,+0 dagger of protection
Missiles
 d - 25 darts
 k - 10 poisoned needles
Armour
 b - a +1 robe (worn)
Comestibles
 f - 2 bread rations
 h - a choko
Scrolls
 g - a scroll of recharging {!r, unknown}
 i - a scroll of magic mapping {!r, unknown}
 l - a scroll of fear {!r, unknown}
 p - a scroll of noise {!r, unknown}
 q - a scroll of identify {!r, unknown}
Potions
 e - 2 potions of confusion {!q, unknown}
 j - a potion of degeneration {!q, unknown}
 n - a potion of resistance {!q, unknown}
 o - a potion of poison {!q, unknown}
Books
 c - a book of Maledictions

   Spells                             Type                      Level
   *Corona                            Hexes                        1
   Sure Blade                         Hexes/Charms                 2
   *Ensorcelled Hibernation           Hexes/Ice                    2
   Confuse                            Hexes                        3
   Enslavement                        Hexes                        4
   Invisibility                       Hexes                        6


   Skills:
 + Level 4.0 Short Blades
 - Level 1.3 Throwing
 - Level 2.4 Dodging
 + Level 5.0 Stealth
 - Level 1.5 Spellcasting
 - Level 2.6 Hexes


You had 3 spell levels left.
You knew the following spells:

 Your Spells              Type           Power        Failure   Level  Hunger
a - Ensorcelled Hibernat  Hex/Ice        #.....       21%         2    ###....
b - Corona                Hex            #......      10%         1    ##.....


Dungeon Overview and Level Annotations

Branches:
Dungeon (4/15)
 Temple: D:4-7

Altars:

Annotations:
D:3 Menkaure


Innate Abilities, Weirdness & Mutations

You are small and have problems with some larger weapons.
You are somewhat resistant to further mutation.
You have a slow metabolism.


Message History

You spit the quokka like a pig!!!
You kill the quokka!
Your Stealth skill increases to level 5!
Casting: Ensorcelled Hibernation
Confirm with . or Enter, or press ? or * to list all spells.
Aiming: Ensorcelled Hibernation
Press: ? - help, Shift-Dir - straight line, f - quokka
Aim: a quokka The quokka looks drowsy...
The helpless quokka fails to defend itself.
You impale the quokka!!
You kill the quokka!
p - a scroll labeled GRIJAT DATIXUA {!r}
q - a scroll labeled KAICLEUTO {!r} You open the door.
There is an open door here.
Found an escape hatch in the ceiling.
There is an open door here.
As you open the door, it creaks loudly!
Magic restored.
There is an open door here.
There is an open door here.
There is an open door here.
You open the door.
There is an open door here.
There is an open door here.
There is an open door here.
As you open the door, it creaks loudly!
Found a stone staircase leading up.
Menkaure comes into view.
Casting: Ensorcelled Hibernation
Confirm with . or Enter, or press ? or * to list all spells.
You don't know that spell.
Menkaure breathes soot at you.
There is an open door here.
There is a stone staircase leading up here.
Menkaure points at you and mumbles some strange words.
Pain shoots through your body!
You climb upwards.
Found four items.
There is a stone staircase leading down here.
Menkaure casts a spell.
Menkaure seems to speed up.
You see here 8 gold pieces.
Okay, then.
Drink which item? (? for menu, Esc to quit)
Okay, then.
Read which item? (? for menu, Esc to quit)
Okay, then.
Menkaure calls on the powers of darkness!
Your body is wracked with pain!
* * * LOW HITPOINT WARNING * * *
Menkaure points at you and mumbles some strange words.
Pain shoots through your body!
* * * LOW HITPOINT WARNING * * *
Menkaure casts a spell at you.
You barely resist.
A giant cockroach and a goblin come into view.
Menkaure casts a spell at you. Pain shoots through your body!
* * * LOW HITPOINT WARNING * * *
Menkaure points at you and mumbles some strange words.
Pain shoots through your body!
You die...

... ..# ..##
#.#..# #[.
..#..# ##.#
#g#..# . #.>#
#.#..#..# #.###
#........ #M#
#.##.......# #.#
#.......#
#.######@.#
#.M.......#
########.......#
#..##### #..#
#..# #..s #.###
...


You could see Menkaure, a giant cockroach (sleeping) and a goblin (sleeping).

Vanquished Creatures
  A hound (D:4)
  A worker ant (D:4)
  2 adders (D:2)
  2 goblins
  2 hobgoblins
  2 quokkas (D:4)
  2 bats
  A giant newt (D:2)
  3 kobolds (D:3)
  A kobold skeleton (D:4)
  3 rats
20 creatures vanquished.

Notes
Turn   | Place    | Note
--------------------------------------------------------------
     0 | D:1      | Amnesiac, the Halfling Enchanter, began the quest for the Orb.
     0 | D:1      | Reached XP level 1. HP: 11/11 MP: 2/2
    83 | D:2      | Reached skill level 3 in Stealth
    83 | D:2      | Reached XP level 2. HP: 17/17 MP: 0/3
    87 | D:2      | Learned a level 2 spell: Ensorcelled Hibernation
   115 | D:2      | Reached XP level 3. HP: 21/21 MP: 1/5
   287 | D:3      | Reached skill level 4 in Stealth
   342 | D:4      | Reached XP level 4. HP: 18/27 MP: 1/6
   477 | D:4      | Reached skill level 5 in Stealth
   556 | D:4      | Noticed Menkaure
   570 | D:3      | Killed from afar by Menkaure

Action                   |  1- 3 |  4- 6 || total
-------------------------+-------+-------++-------
Melee: Dagger            |    25 |    11 ||    36
 Cast: Corona            |     1 |       ||     1
       Ensorcelled Hiber |     6 |     5 ||    11
 Stab: Sleeping          |     7 |     5 ||    12
